 Dungeon Crawl Stone Soup version 0.30-a0-965-g42e074c17a (webtiles) character file.

Game seed: 11383783225856917620

227 cforsyth the Cudgeller (level 6, 0/30 (50) HPs)
             Began as a Formicid Fighter on Mar 31, 2023.
             Was an Initiate of Ru.
             Slain by a gnoll
             ... wielding a +0 club
              (5 damage)
             ... on level 3 of the Dungeon.
             The game lasted 00:09:16 (3849 turns).

cforsyth the Cudgeller (Formicid Fighter)           Turns: 3849, Time: 00:09:17

HP:   0/30 (50)     AC:  6    Str: 29    XL:     6   Next: 22%
MP:   6/6           EV: 14    Int:  7    God:    Ru [......]
Gold: 229           SH:  5    Dex: 13    Spells: 5/5 levels left

rFire   . . .      SeeInvis +    x - +2 whip (vamp)
rCold   . . .      Faith    .    c - +0 buckler
rNeg    . . .      Spirit   .    b - +0 scale mail
rPois   .          Reflect  .    (helmet unavailable)
rElec   .          Rampage  .    (no cloak)
rCorr   .                        (no gloves)
Will    .....                    (no boots) Stlth
                                 (no amulet)
HPRegen 0.25/turn                g - +5 ring of evasion
MPRegen 0.10/turn                i - +6 ring of strength

@: very heavily drained
A: permanent stasis, dig shafts and tunnels, antennae 3, four strong arms
a: Dig, Shaft Self, Renounce Religion


You were on level 3 of the Dungeon.
You worshipped Ru.
Ru was noncommittal.
You visited 2 branches of the dungeon, and saw 5 of its levels.
You also visited: Sewer.

You collected 229 gold pieces.

Inventory:

Hand Weapons
 a - a +0 flail
 x - a +2 vampiric whip (weapon)
Armour
 b - a +0 scale mail (worn)
 c - a +0 buckler (worn)
 h - a +0 pair of boots
Jewellery
 g - a +5 ring of evasion (left hand)
 i - a +6 ring of strength (right hand)
 k - a ring of willpower
Scrolls
 j - a scroll of amnesia
 n - a scroll of magic mapping {unknown}
 r - 2 scrolls of identify
 s - a scroll of enchant armour {unknown}
 t - 2 scrolls of enchant weapon {unknown}
 u - a scroll of immolation {unknown}
Potions
 d - a potion of might
 e - 2 potions of heal wounds
 f - a potion of haste {unknown}
 l - a potion of lignification {unknown}
 m - 4 potions of curing {unknown}
 o - a potion of mutation {unknown}
 p - 2 potions of cancellation
 q - a potion of flight {unknown}
 v - 2 potions of brilliance {unknown}
 w - a potion of magic {unknown}


   Skills:
 + Level 4.8 Fighting
 * Level 5.1 Maces & Flails
 - Level 3.2 Armour
 - Level 4.0 Shields


You had 5 spell levels left.
You didn't know any spells.
Your spell library contained the following spells:

 Spells                   Type           Power      Damage    Failure   Level
 Apportation              Tloc           0%         N/A       77%         1
 Necrotise                Necr           0%         1d4       77%         1
 Summon Small Mammal      Summ           0%         N/A       77%         1
 Portal Projectile        Hex/Tloc       0%         N/A       98%         3
 Tukima's Dance           Hex            0%         N/A       98%         3
 Blade Hands              Tmut           0%         N/A       100%        5


Dungeon Overview and Level Annotations

Branches:
Dungeon (4/15)             Temple (1/1) D:4           Sewer (visited)

Altars:
Cheibriados
Gozag
Kikubaaqudgha
Makhleb
Nemelex Xobeh
Qazlal
Ru
Trog
Uskayaw
Wu Jian
Xom
Yredelemnul
The Shining One

Shops:
D:1 (?[   D:3 !


Innate Abilities, Weirdness & Mutations

You cannot be hasted, slowed, berserked, paralysed or teleported.
You can dig through walls and to a lower floor.
You have a pair of large antennae on your head. (SInv)
Your four strong arms can wield two-handed weapons with a shield.


Message History

A gnoll is nearby!
A gnoll is nearby!
A gnoll comes into view. It is wielding a +0 club.
Found a stone staircase leading down.
The gnoll shouts!
You hear a shout!
You see here a +0 quarterstaff.
Something unseen opens the door.
There is a stone staircase leading up here.
You open the door.
A gnoll comes into view. It is wielding a +0 spear.
The gnoll shouts!
You block the gnoll's attack.
There is an open door here.
The gnoll barely misses you.
There is an open door here.
You hit the gnoll.
The gnoll is heavily wounded.
The gnoll hits you with a +0 halberd.
You hit the gnoll.
You feel better.
The gnoll is heavily wounded.
The gnoll attacks as you move away! The gnoll barely misses you. x2
The gnoll attacks as you move away! The gnoll closely misses you.
The gnoll barely misses you.
There is a stone staircase leading up here.
You block the gnoll's attack.
You climb upwards.
There is a stone staircase leading down here.
You start resting.
HP restored.
You climb downwards.
The gnoll barely misses you. You block the gnoll's attack.
The gnoll hits you but does no damage. The gnoll hits you with a +0 halberd.
There is a stone staircase leading up here.
The gnoll hits you with a +0 halberd! You block the gnoll's attack.
You climb upwards.
There is a stone staircase leading down here.
The gnoll hits you from afar with a +0 halberd!
* * * LOW HITPOINT WARNING * * *
The gnoll attacks as you move away! The gnoll barely misses you.
The gnoll attacks as you move away! The gnoll hits you with a +0 club.
You die...

......##...................#
.#..........######.........#
.........#...####..#.......#
..#...........#...#.....####
##.##.....#.....###.....#
#...#.....#<)....##.....#
#...#.....#......##.....#
#.#.#.....g.............#
##.##.....#....g@##.....#
..........#......##.....#
#.........#...g..########
..........#..<####
#.........##### ..(......##
........## ......### #######


You could see 3 gnolls.

Vanquished Creatures
  2 gnolls
  9 adders
  5 river rats
  2 worms (D:3)
  A dart slug (D:4)
  7 ball pythons
  5 endoplasms
  3 giant cockroaches
  5 goblins
  7 hobgoblins
  4 jackals (D:2)
  3 quokkas
  3 bats (D:2)
  9 frilled lizards
  4 kobolds
  18 rats
87 creatures vanquished.

Vanquished Creatures (collateral kills)
  2 rats (D:3)
2 creatures vanquished.

Grand Total: 89 creatures vanquished

Notes
Turn   | Place    | Note
-------+----------+-------------------------------------------
     0 | D:1      | cforsyth the Formicid Fighter began the quest for the Orb.
     0 | D:1      | Reached XP level 1. HP: 18/18 MP: 1/1
   197 | D:1      | Found Syery's Magic Scroll Shoppe.
   238 | D:1      | Reached XP level 2. HP: 24/24 MP: 2/2
   266 | D:1      | Found Qoxef's Antique Weapon Shop.
   428 | D:1      | Found Bioz's Antique Armour Emporium.
   941 | D:2      | Reached skill level 3 in Maces & Flails
   941 | D:2      | Reached XP level 3. HP: 18/30 MP: 3/3
  1658 | D:3      | Reached XP level 4. HP: 35/37 MP: 4/4
  1738 | D:3      | Reached skill level 4 in Maces & Flails
  1752 | D:3      | Reached XP level 5. HP: 36/42 MP: 5/5
  1790 | D:3      | Found a glowing drain.
  1798 | Sewer    | Entered a sewer
  2778 | D:3      | Found Nukkodgh's Distillery.
  2790 | D:3      | Reached XP level 6. HP: 25/25 MP: 6/6
  3293 | D:3      | Reached skill level 5 in Maces & Flails
  3648 | D:4      | Found a staircase to the Ecumenical Temple.
  3661 | Temple   | Entered the Ecumenical Temple
  3702 | Temple   | Became a worshipper of Ru the Awakened
  3849 | D:3      | Slain by a gnoll

Illustrated notes

Levels and vault maps discovered:
D:1:      dpeg_arrival_concentric_ovals, layout_basic, serial_shops,
          nicolae_shop_advertising_works [nicolae_subvault_shop_adworks],
          nicolae_shop_hallway_stairs, shop
D:2:      layout_basic
D:3:      layout_rooms, lightli_sewer_entry_pipes, serial_shops, shop_fountains,
          minmay_distorted
D:4:      layout_gridville, led_sif_book, minmay_temple_entry_offerings
Temple:   nicolae_temple_god_jail

Skill      XL: |  1  2  3  4  5  6 |
---------------+-------------------+-----
Maces & Flails | 3 4 5 |  5.1
Fighting       | 4 |  4.8
Armour         | |  3.2
Shields        | |  4.0

Action                     |  1- 3 |  4- 6 || total
---------------------------+-------+-------++-------
  Melee: Flail             |   100 |   136 ||   236
         Whip              |       |    29 ||    29
Ability: Dig               |       |    10 ||    10
    Use: Scroll            |     5 |       ||     5
 Armour: Scale mail        |    32 |    49 ||    81
  Dodge: Dodged            |    93 |   121 ||   214
  Block: Buckler           |    26 |    43 ||    69

Table legend: (Time is in decaauts)
 A = Elapsed time spent in this place.
 B = Non-inter-level travel time spent in this place.
 C = Inter-level travel time spent in this place.
 D = Time resting spent in this place.
 E = Time spent auto-exploring this place.
 F = Levels seen in this place.
 G = Mean time per level.
                   A        B        C        D        E       F      G
               +--------+--------+--------+--------+--------+-----+--------+
         Total |   4071 |   3996 |     75 |    589 |   2038 |   6 |  678.5 |
       Dungeon |   3046 |   2989 |     57 |    589 |   1687 |   4 |  761.5 |
        Temple |     59 |     41 |     18 |      0 |     24 |   1 |   59.0 |
         Sewer |    964 |    964 |      0 |      0 |    327 |   1 |  964.0 |
               +--------+--------+--------+--------+--------+-----+--------+

Top non-repeatable levels by time:
     D:2: 1237 daAuts
   Sewer: 964 daAuts
     D:3: 855 daAuts
     D:1: 820 daAuts
     D:4: 133 daAuts
  Temple: 59 daAuts
